[Event "Late-Titled-Tuesday-Blitz-February-13-2024"]
[Site "Chess.com"]
[Date "2024.02.13"]
[Round "3"]
[White "NowInChess"]
[Black "ErikRonka"]
[Result "0-1"]
[WhiteElo "2327"]
[BlackElo "2559"]
[TimeControl "180+1"]
[EndTime "14:28:11 PST"]
[Termination "ErikRonka won on time"]

1. e4 e6 2. d3 d5 3. Nd2 c5 4. g3 Nc6 5. Bg2 Nf6 6. Ngf3 Be7 7. O-O O-O 8. e5 Nd7 9. Re1 b5 10. h4 Qc7 11. Qe2 Bb7 12. Nf1 Rfc8 13. Bf4 Qd8 14. N1h2 a5 15. h5 h6 16. Ng4 Bf8 17. Qd2 b4 18. c3 bxc3 19. bxc3 Ba6 20. Rab1 Rab8 21. Ne3 Rxb1 22. Rxb1 Rb8 23. Qc2 Rxb1+ 24. Qxb1 d4 25. cxd4 Nxd4 26. Nxd4 cxd4 27. Nc4 Bxc4 28. dxc4 Bb4 29.
Be4 Nc5 30. Bd3 Nxd3 31. Qxd3 Bc5 32. Bc1 Qb8 33. f4 Qb4 34. Bd2 Qa4 35. Qb3 d3+ 36. Kf1 Qd7 37. Bc3 Qc6 38. Ke1 Qe4+ 39. Kd1 Be3 40. Qb4 axb4 0-1

[Event "Late-Titled-Tuesday-Blitz-February-13-2024"]
[Site "Chess.com"]
[Date "2024.02.13"]
[Round "3"]
[White "Jaka_Brilej"]
[Black "MikeSailer"]
[Result "1-0"]
[WhiteElo "2537"]
[BlackElo "2202"]
[TimeControl "180+1"]
[EndTime "14:28:11 PST"]
[Termination "Jaka_Brilej won on time"]

1. e4 d5 2. exd5 Qxd5 3. Nc3 Qd6 4. d4 c6 5. Nf3 Bg4 6. h3 Bxf3 7. Qxf3 Qxd4 8. Be3 Qd8 9. Bd3 Nf6 10. O-O-O Qa5 11. g4 e6 12. Kb1 Bb4 13. Bd2 Qc7 14. g5 Nfd7 15. Nb5 cxb5 16. Bxb4 Nc6 17. Bc3 O-O-O 18. Bxb5 Nde5 19. Qg3 a6 20. Bxc6 Nxc6 21. Bxg7 Qxg3 22.
fxg3 Rxd1+ 23. Rxd1 Rd8 24. Rxd8+ Kxd8 25. c3 Kd7 26. Kc2 Ne7 27. Kd3 Nf5 28. Be5 Kc6 29. c4 b5 30. b3 bxc4+ 31. bxc4 Ne7 32. Bd4 Nf5 33. Bf2 Nd6 34. Kd4 Ne8 35. Ke5 Kd7 36.
h4 Kc6 37. h5 Kd7 38. g4 Ke7 39. Bc5+ Kd7 40. Bb4 Kc6 41. g6 hxg6 42. hxg6 fxg6 43. Kxe6 Nc7+ 44. Kf6 a5 45. Bxa5 Na8 46. Kxg6 Kc5 47.
Kf7 Kxc4 48. g5 Kb5 49. Bd8 1-0

[Event "Late-Titled-Tuesday-Blitz-February-13-2024"]
[Site "Chess.com"]
[Date "2024.02.13"]
[Round "3"]
[White "yaguigor"]
[Black "AsaHoffmann"]
[Result "1-0"]
[WhiteElo "2621"]
[BlackElo "2426"]
[TimeControl "180+1"]
[EndTime "14:28:12 PST"]
[Termination "yaguigor won by resignation"]

1. d4 Nf6 2. c4 c5 3. d5 e5 4. Nc3 d6 5. e4 Be7 6. h3 Nbd7 7. g4 Nf8 8. Nge2 Ng6 9. Ng3 h6 10. Nf5 Bxf5 11. gxf5 Nh4 12. Rg1 Rg8 13. Be3 a6 14. Be2 Qa5 15. Qd2 b5 16. cxb5 axb5 17. Bxb5+ Qxb5 18. Nxb5 Nf3+ 19. Ke2 Nxd2 20. Bxd2 Kd7 21.
f3 Nh7 22. a4 Bg5 23. Bxg5 Nxg5 24. Rg3 Nh7 25. b3 Nf6 26. h4 Nh5 27. Rgg1 Nf4+ 28. Ke3 g6 29. fxg6 fxg6 30. Rac1 Rgc8 31. Rc4 Ra5 32. Kd2 Rb8 33. Rc2 Rbxb5 34. axb5 Rxb5 35. Kc3 Rb4 36. Ra2 Ke7 37. Ra7+ Kf6 38. Re1 Rd4 39. Re3 Rd1 40. Rd7 Rh1 41. Rxd6+ Kf7 42. Rc6 Rxh4 43. Rxc5 Rh1 44. b4 h5 45. Kb2 Rd1 46.
b5 Rd4 47. b6 Rd3 48. Rc3 Rd2+ 49. Rc2 Rd4 50. b7 Nd3+ 51. Rxd3 Rb4+ 52. Rb3 1-0

[Event "Late-Titled-Tuesday-Blitz-February-13-2024"]
[Site "Chess.com"]
[Date "2024.02.13"]
[Round "3"]
[White "Njal28"]
[Black "Romadk"]
[Result "1-0"]
[WhiteElo "2991"]
[BlackElo "2527"]
[TimeControl "180+1"]
[EndTime "14:28:13 PST"]
[Termination "Njal28 won by resignation"]

1. e4 Nf6 2. e5 Nd5 3. d4 d6 4. c4 Nb6 5. exd6 cxd6 6. Nc3 g6 7. a4 Bg7 8. a5 N6d7 9. Ra3 O-O 10. Nf3 Nc6 11.
d5 Nce5 12. Nxe5 Nxe5 13. Be2 Bf5 14. f4 Nd7 15. g4 Bxc3+ 16. Rxc3 Be4 17. Rg1 Qxa5 18.
Be3 b5 19. Qd4 f5 20. gxf5 Bxf5 21. cxb5 Rac8 22. Bd2 Qa1+ 23. Kf2 Qxb2 24. Rgc1 Nb6 25. Ke1 Qa2 26. Rxc8 Rxc8 27. Rxc8+ Nxc8 28. Bc3 Qb1+ 29. Kf2 Kf7 30. Qg7+ Ke8 31. Qh8+ Kd7 32. Ba5 Nb6 33. Qb8 Nxd5 34. Qxa7+ Ke6 35. Qd4 Qe4 36. Qxe4+ Bxe4 37. b6 Nxf4 38. Bc4+ Kf5 39. Ba6 Nh3+ 40. Ke3 Ng5 41. h4 Ne6 42. Bc8 Kf6 43. Bxe6 Kxe6 44. Kxe4 d5+ 45.
Kd4 Kd7 46. b7 Kc6 47. b8=Q e5+ 48. Qxe5 1-0

[Event "Late-Titled-Tuesday-Blitz-February-13-2024"]
[Site "Chess.com"]
[Date "2024.02.13"]
[Round "3"]
[White "tdf98pantani"]
[Black "JackRodgers"]
[Result "0-1"]
[WhiteElo "2673"]
[BlackElo "2511"]
[TimeControl "180+1"]
[EndTime "14:28:13 PST"]
[Termination "JackRodgers won by resignation"]

1. d4 Nf6 2. c4 c5 3. d5 e5 4. Nc3 d6 5. e4 Be7 6. g3 h5 7. Bh3 Nbd7 8. Nf3 a6 9. a4 b6 10. Qc2 Ng4 11. Ng1 Bg5 12. f3 Bxc1 13.
Qxc1 Ngf6 14. Nge2 h4 15. Qg5 Kf8 16. O-O-O Rh5 17.
Qe3 b5 18. axb5 axb5 19. Nxb5 Ba6 20. Nec3 Bxb5 21. Nxb5 Ra1+ 22. Kc2 Rxd1 23. Kxd1 Qa5 24. g4 Rh8 25. g5 Nb6 26. gxf6 Nxc4 27. fxg7+ Kxg7 28.
Rg1+ Kf8 29. Qg5 Qa1+ 30. Qc1 Qa4+ 31. Ke2 Qxb5 32. Kf2 Nxb2 33. Bf1 c4 34. Qe3 h3 35. Be2 Nd3+ 36. Bxd3 cxd3 37. Rd1 Rg8 38. Qxd3 Rg2+ 39. Kf1 Qc5 0-1

[Event "Late-Titled-Tuesday-Blitz-February-13-2024"]
[Site "Chess.com"]
[Date "2024.02.13"]
[Round "3"]
[White "gunslinger222"]
[Black "el008"]
[Result "0-1"]
[WhiteElo "2255"]
[BlackElo "2551"]
[TimeControl "180+1"]
[EndTime "14:28:13 PST"]
[Termination "el008 won by resignation"]

1. d4 b6 2. e4 Bb7 3. Bd3 e6 4. Nc3 Nf6 5. Qe2 Bb4 6. Nf3 d5 7. e5 Ne4 8. O-O Nxc3 9. bxc3 Bxc3 10. Rb1 c5 11. Qe3 c4 12. Bxc4 dxc4 13. Qxc3 Qd5 14. Ba3 Nc6 15. Rfe1 O-O-O 16. Bd6 g5 17. a4 g4 18. Rb5 Rxd6 19. Rxd5 Rxd5 20. Nd2 Rxd4 21. Nxc4 Kb8 22. Nd6 f5 23. Nxb7 Kxb7 24. g3 Rhd8 25.
Qb3 R8d5 26. c3 Rd2 27. Kg2 Nxe5 28. c4 Rc5 29. Qc3 Rd3 30. Qb2 Nf3 31. Qg7+ Rc7 32. Qa1 Rcd7 33. Rf1 h5 34. Qc1 h4 35. gxh4 Nxh4+ 36.
Kh1 Rh3 37. c5 Nf3 38. c6+ Ka8 39. Qf4 Rdh7 40. Kg2 Rxh2+ 41. Qxh2 Rxh2+ 42. Kg3 e5 43. c7 Rh3+ 44. Kg2 Kb7 45. Rc1 Rh2+ 46. Kg3 Kc8 47.
Rc6 Rh3+ 48. Kg2 Nd4 49. Rf6 Kxc7 50. Rf7+ Kb8 51. Rf8+ Kb7 52. Rf7+ Ka6 53. Rf6 Ra3 54. f3 gxf3+ 55. Kg3 f4+ 0-1

[Event "Late-Titled-Tuesday-Blitz-February-13-2024"]
[Site "Chess.com"]
[Date "2024.02.13"]
[Round "3"]
[White "JCVanDamme10"]
[Black "brother-bear"]
[Result "1-0"]
[WhiteElo "2306"]
[BlackElo "2003"]
[TimeControl "180+1"]
[EndTime "14:28:13 PST"]
[Termination "JCVanDamme10 won on time"]

1. e4 g6 2. d4 Bg7 3. Nf3 d6 4. h3 c6 5. Nc3 Qc7 6. a4 Nd7 7. Bc4 Ngf6 8. O-O O-O 9. Re1 e5 10. a5 Rb8 11. Bg5 b5 12. axb6 axb6 13. Qd2 b5 14. Bb3 b4 15. Nd1 exd4 16. Bh6 c5 17. Bxg7 Kxg7 18. Bc4 Ne5 19. Nxe5 dxe5 20. f4 exf4 21. e5 Nh5 22. Nf2 Be6 23. Bxe6 fxe6 24. Ra6 Rb6 25. Rxb6 Qxb6 26. Ne4 c4 27. Nd6 d3+ 28.
Kh2 dxc2 29. Nxc4 Qc6 30. Qxc2 f3 31. b3 fxg2 32. Qxg2 Qc5 33. Rf1 Rxf1 34. Qxf1 Qd4 35. Qf3 Qf4+ 36. Kg2 Qxf3+ 37. Kxf3 Kf7 38. Ke4 Ng7 39.
Nd6+ Ke7 40. Nc8+ 1-0

[Event "Late-Titled-Tuesday-Blitz-February-13-2024"]
[Site "Chess.com"]
[Date "2024.02.13"]
[Round "3"]
[White "cristianserban1"]
[Black "alexrustemov"]
[Result "0-1"]
[WhiteElo "2513"]
[BlackElo "2826"]
[TimeControl "180+1"]
[EndTime "14:28:14 PST"]
[Termination "alexrustemov won by checkmate"]

1. d4 d5 2. c4 c6 3. Nf3 Nf6 4. e3 a6 5. Nc3 b5 6. c5 g6 7. Qb3 a5 8. a4 b4 9. Nb1 Bg7 10. Bd3 O-O 11. O-O Nbd7 12. Nbd2 e5 13. Nxe5 Nxe5 14. dxe5 Nd7 15. Qc2 Nxe5 16. Be2 Bf5 17. Qd1 Qe7 18. Nb3 Nc4 19. Nd4 Bd7 20. b3 Qxc5 21. bxc4 dxc4 22. Qc2 c3 23. Rd1 Qb6 24.
Bf3 Rac8 25. Nb3 Be6 26. Rb1 Rfd8 27. e4 c5 28. Be3 Bd4 29. Be2 Bxe3 30. fxe3 Bd7 31.
Bc4 Bxa4 32. Qa2 Rxd1+ 33. Rxd1 Bb5 34. Nxa5 Bxc4 35. Nxc4 Qe6 36. Rd6 Qxe4 37. Rf6 c2 38. Rf1 Rf8 39. Kh1 Qd3 40. Rc1 b3 41. Nb2 Qxe3 42.
Qa1 Rd8 43. Nc4 Qxc1+ 44. Qxc1 Rd1+ 45. Qxd1 cxd1=Q# 0-1

[Event "Late-Titled-Tuesday-Blitz-February-13-2024"]
[Site "Chess.com"]
[Date "2024.02.13"]
[Round "3"]
[White "viniciusrego"]
[Black "zverr1"]
[Result "1-0"]
[WhiteElo "2365"]
[BlackElo "2554"]
[TimeControl "180+1"]
[EndTime "14:28:14 PST"]
[Termination "viniciusrego won on time"]

1. Nf3 g6 2. d4 Nf6 3. c4 Bg7 4. Nc3 d5 5. Bf4 c6 6. e3 O-O 7. Rc1 Bg4 8. h3 Bxf3 9. Qxf3 e6 10. Be2 dxc4 11. Bxc4 Nbd7 12. O-O Nb6 13. Bb3 Nfd5 14. Bg3 Qe7 15. Ne4 Rfd8 16. Nc5 a5 17. a3 a4 18. Ba2 Ra7 19. e4 Nc7 20. Be5 Nb5 21.
Bxg7 Kxg7 22. d5 cxd5 23. exd5 Nxd5 24. Rfd1 Nbc7 25. Qe4 b5 26. Nd3 Qf6 27. Ne5 Rd6 28. Rc2 Na6 29. Bxd5 exd5 30. Rxd5 Re6 31. Qd4 Rae7 32.
Nf3 Qxd4 33. Nxd4 Re1+ 34. Kh2 b4 35. Ra5 bxa3 36. bxa3 Nb8 37. Rxa4 Rd1 38. Nf3 Ra1 39. Ra8 Nd7 40. Ra7 Rd1 41. Rcc7 Kf8 42. a4 f5 43. a5 Re5 44. Rxd7 1-0

[Event "Late-Titled-Tuesday-Blitz-February-13-2024"]
[Site "Chess.com"]
[Date "2024.02.13"]
[Round "3"]
[White "zajka-molotok"]
[Black "AlleyOoper"]
[Result "1-0"]
[WhiteElo "2494"]
[BlackElo "2651"]
[TimeControl "180+1"]
[EndTime "14:28:15 PST"]
[Termination "zajka-molotok won by resignation"]

1. b4 a5 2. b5 Nf6 3. Bb2 c5 4. e3 b6 5. Nf3 Bb7 6. Be2 d5 7. c4 Nbd7 8. O-O e6 9. a4 Bd6 10. d4 dxc4 11. Nbd2 c3 12. Bxc3 cxd4 13. Nxd4 Bxh2+ 14. Kxh2 Qc7+ 15. Kg1 Qxc3 16. Rc1 Qb4 17. Nc6 Qd6 18.
Nc4 Qxd1 19. Rfxd1 O-O 20. Bf3 Kh8 21. Nd6 Bxc6 22.
bxc6 Nc5 23. c7 Nd5 24. Bxd5 exd5 25. Rxd5 g6 26. c8=Q Raxc8 27. Nxc8 Rxc8 28. Rd6 Rb8 29. Rc4 Kg7 30. f4 h5 31. Kf2 Kf8 32. Kf3 Ke7 33.
Rd1 Rc8 34. Rb1 Rc6 35. e4 Rd6 36. e5 Rc6 37. Ke3 Kd7 38. Rd4+ Kc7 39. Rc1 Re6 40. Rcd1 f6 41. Rd6 fxe5 42. Rxe6 exf4+ 43. Kxf4 Nxe6+ 44. Ke5 Nc5 45. Rd4 g5 46. Kf5 g4 47. Kg6 Ne6 48. Rc4+ Kd6 49. Kxh5 g3 50. Kg4 Kd5 51. Rc1 Nc5 52.
Ra1 Ne4 53. Kf4 Nc3 54. Kxg3 Kc4 55. Kh4 Kb3 56. g4 Kb2 57. Re1 Nxa4 58. g5 Nc5 59. g6 Nd7 60. g7 Nf6 61. Kg5 Ng8 62. Re8 1-0

[Event "Late-Titled-Tuesday-Blitz-February-13-2024"]
[Site "Chess.com"]
[Date "2024.02.13"]
[Round "3"]
[White "Sokoloco"]
[Black "SpeedofLight0"]
[Result "1-0"]
[WhiteElo "2808"]
[BlackElo "3038"]
[TimeControl "180+1"]
[EndTime "14:28:17 PST"]
[Termination "Sokoloco won by resignation"]

1. b3 d6 2. Bb2 e5 3. e3 g6 4. d4 Bg7 5. dxe5 dxe5 6. Qxd8+ Kxd8 7. Nf3 f6 8. Nc3 c6 9. O-O-O+ Kc7 10. Ba3 Be6 11. Ne4 Nd7 12. Bd6+ Kc8 13. Nfd2 b5 14. Nc5 Nxc5 15. Bxc5 f5 16. Nf3 Nf6 17. Nxe5 Ne4 18. Bd4 Nxf2 19. Nxc6 Bxd4 20. Nxd4 Nxd1 21. Kxd1 Bd5 22.
Nxb5 Rd8 23. Kc1 a6 24. Nc3 Bc6 25. Rg1 Re8 26. Kd2 Kb7 27. g3 Rad8+ 28. Bd3 Re7 29. Ne2 Be4 30. Nd4 Bxd3 31. cxd3 Rde8 32. Re1 a5 33.
Nc2 g5 34. Rf1 Rf8 35. e4 Ref7 36. e5 f4 37. g4 Kc6 38. d4 Kd5 39. Kd3 Rc8 40.
Ne3+ Ke6 41. Nc4 Rc6 42. Ke4 Rd7 43. Nd6 Rc2 44. d5+ Ke7 45. Nf5+ Kd8 46. e6 Rb7 47. d6 Re2+ 48. Kd5 Rb5+ 49. Kc6 Rbe5 50. e7+ Rxe7 51. dxe7+ Ke8 52. Rd1 Rxe7 53. Nxe7 Kxe7 54. Kd5 Kf6 55. Ke4 f3 56. Kxf3 1-0

[Event "Late-Titled-Tuesday-Blitz-February-13-2024"]
[Site "Chess.com"]
[Date "2024.02.13"]
[Round "3"]
[White "stollenmonster"]
[Black "Sl4werThanYou"]
[Result "0-1"]
[WhiteElo "2860"]
[BlackElo "2654"]
[TimeControl "180+1"]
[EndTime "14:28:17 PST"]
[Termination "Sl4werThanYou won by resignation"]

1. e4 e6 2. Nc3 d5 3. g3 dxe4 4.
Nxe4 Bd7 5. Bg2 Bc6 6. Kf1 Nf6 7. Nxf6+ Qxf6 8. Nf3 Nd7 9. d4 h6 10.
c4 O-O-O 11. Be3 Nb6 12. b3 Bc5 13. Ne5 Bxg2+ 14. Kxg2 Bxd4 15. Bxd4 c5 16. Nc6 cxd4 17. Nxa7+ Kb8 18. Nb5 d3 19. Qd2 e5 20. Rhe1 Rhe8 21. Re3 e4 22. Rae1 Qc6 23. Kg1 f5 24. f3 Re7 25. fxe4 fxe4 26. Nc3 Rde8 27. Qg2 Qc5 28.
Kh1 Qd4 29. Nb5 Qf6 30. Rf1 Qg5 31. Rfe1 Qf6 32. Rf1 Qc6 33. Qd2 Nd7 34. Qa5 Qc5 35. Rfe1 Nf6 36. b4 b6 37. bxc5 bxa5 38. Nd6 Ng4 39.
Rxe4 Nf2+ 40. Kg2 Nxe4 41. Rb1+ Kc7 42. Nxe8+ Rxe8 43. Rd1 d2 44. Kf3 Kc6 45. Ke3 Nc3+ 0-1

[Event "Late-Titled-Tuesday-Blitz-February-13-2024"]
[Site "Chess.com"]
[Date "2024.02.13"]
[Round "3"]
[White "BigAl"]
[Black "mishanick"]
[Result "0-1"]
[WhiteElo "2526"]
[BlackElo "2974"]
[TimeControl "180+1"]
[EndTime "14:28:17 PST"]
[Termination "mishanick won by resignation"]

1. Nf3 d5 2. g3 g6 3. Bg2 Bg7 4. O-O e5 5. d3 Nc6 6. Nbd2 Nge7 7. c4 O-O 8. Rb1 a5 9. b3 h6 10. a3 Be6 11. cxd5 Nxd5 12. Bb2 Re8 13. Nc4 Bg4 14. h3 Bxf3 15. Bxf3 Nd4 16. Bg2 c6 17. e3 Nb5 18. Qc2 Qe7 19. Ra1 Kh7 20. Rfe1 Nd6 21.
Bxd5 cxd5 22. Nb6 Ra6 23. Nxd5 Qd7 24. Kh2 Rc8 25. Qe2 Qb5 26. e4 Qxb3 27. Rac1 Rac6 28. Rxc6 Rxc6 29. Rc1 Nb5 30. Rxc6 bxc6 31. Ne3 Nxa3 32.
Bxa3 Qxa3 33. Qf3 Kg8 34. Qg4 Qxd3 35. Qc8+ Bf8 36. Ng4 Qd6 37. Nxh6+ Kg7 38. Ng4 a4 39. Qa8 a3 40. Qa5 Qd4 41. Kg2 Qxe4+ 42. Kh2 Qd5 43. Qa4 a2 44. Ne3 Qd2 45. Kg2 Qb2 46. Qg4 a1=Q 47. Nf5+ Kg8 0-1

[Event "Late-Titled-Tuesday-Blitz-February-13-2024"]
[Site "Chess.com"]
[Date "2024.02.13"]
[Round "3"]
[White "Lucas_Tomiello"]
[Black "VladimirKramnik"]
[Result "0-1"]
[WhiteElo "2701"]
[BlackElo "2939"]
[TimeControl "180+1"]
[EndTime "14:28:19 PST"]
[Termination "VladimirKramnik won by resignation"]

1. e4 e6 2. d4 d5 3. Nc3 Nf6 4. e5 Nfd7 5. f4 c5 6. Nf3 Nc6 7. Be3 Be7 8. Qd2 a6 9. Be2 b5 10. a3 O-O 11. O-O Rb8 12. dxc5 Nxc5 13. Nd4 Qc7 14. Nxc6 Qxc6 15. Bf3 Ne4 16. Bxe4 dxe4 17.
Qf2 b4 18. axb4 Rxb4 19. Nd1 Bb7 20. c3 Rb3 21. Bd4 Qb5 22. Rb1 e3 23. Nxe3 Be4 24.
c4 Qc6 25. Rbc1 Rd8 26. Rfd1 h5 27. c5 Rd3 28. Rxd3 Bxd3 29. Nd1 h4 30. h3 Bf5 31. b4 Rb8 32. Bc3 a5 33. Ne3 axb4 34. Nxf5 exf5 35. Bb2 Rd8 36. Kh2 Rd3 37. Rc2 b3 38.
Rd2 Bxc5 39. Qe2 Rxd2 40. Qxd2 Be7 41. Qd3 Qc2 42. Qxf5 0-1

[Event "Late-Titled-Tuesday-Blitz-February-13-2024"]
[Site "Chess.com"]
[Date "2024.02.13"]
[Round "3"]
[White "Malev212"]
[Black "a_kandil"]
[Result "1-0"]
[WhiteElo "2675"]
[BlackElo "2484"]
[TimeControl "180+1"]
[EndTime "14:28:20 PST"]
[Termination "Malev212 won by resignation"]

1. e4 c5 2. Nf3 d6 3. d4 cxd4 4. Nxd4 Nf6 5. Nc3 a6 6. Bc4 e6 7. Be3 b5 8. Bb3 Be7 9. a3 Qc7 10. Qe2 Nc6 11. O-O-O Nxd4 12. Bxd4 O-O 13. g4 Nd7 14. h4 Nc5 15. Ba2 Rb8 16. g5 a5 17.
g6 b4 18. gxh7+ Kh8 19. Rhg1 e5 20. Nd5 Qd8 21. Bxc5 dxc5 22. a4 Bd6 23. Bc4 Be6 24. Qh5 Bxd5 25. Bxd5 Qf6 26. Rg5 g6 27. Qe2 c4 28.
Bxc4 Bc5 29. Rd3 Bd4 30. Rf3 Qg7 31. Kb1 Rb6 32. h5 Rc6 33. Bd5 Rf6 34. Rg2 Rf4 35. Rfg3 Qxh7 36. hxg6 fxg6 37. Rxg6 Rxf2 38. Rxf2 Rxf2 39.
Qg4 Rf8 40. Qg5 b3 41. Bxb3 Be3 42. Qxe5+ 1-0

[Event "Late-Titled-Tuesday-Blitz-February-13-2024"]
[Site "Chess.com"]
[Date "2024.02.13"]
[Round "3"]
[White "bazar-wokzal"]
[Black "ChadBiryani"]
[Result "0-1"]
[WhiteElo "2638"]
[BlackElo "2468"]
[TimeControl "180+1"]
[EndTime "14:28:20 PST"]
[Termination "ChadBiryani won on time"]

1. e4 d6 2. f4 Nf6 3. Nc3 e5 4. Bc4 Be7 5. Nf3 Nc6 6. O-O O-O 7. d3 Be6 8. Bb5 exf4 9. Bxf4 a6 10. Ba4 Ne5 11. Nxe5 dxe5 12. Bxe5 Ng4 13. Bf4 Qd4+ 14. Kh1 Nf2+ 15. Rxf2 Qxf2 16. Bxc7 Rac8 17. Bg3 Qb6 18.
Bb3 Bf6 19. e5 Be7 20. d4 Bb4 21. d5 Bf5 22. Qf3 Bxc3 23. bxc3 Qg6 24. d6 Bxc2 25. Bd5 Qd3 26. Re1 Qxc3 27. Bxb7 Qxf3 28. gxf3 Rb8 29. Bxa6 Bf5 30. e6 Bxe6 31. a4 Rb6 32. Bb5 Rd8 33.
Rd1 f6 34. Kg2 Kf7 35. h4 g5 36. Bf2 Rbxd6 37. Rc1 Rd2 38. hxg5 fxg5 39. Kg3 h5 40. Rc7+ Kf6 0-1

[Event "Late-Titled-Tuesday-Blitz-February-13-2024"]
[Site "Chess.com"]
[Date "2024.02.13"]
[Round "3"]
[White "Ready4abattle"]
[Black "SouS007"]
[Result "0-1"]
[WhiteElo "2242"]
[BlackElo "2488"]
[TimeControl "180+1"]
[EndTime "14:28:21 PST"]
[Termination "SouS007 won by resignation"]

1. e4 e6 2. d4 d5 3. Nc3 dxe4 4. Nxe4 Bd7 5. Nf3 Bc6 6. Bd3 Nd7 7. Qe2 Ngf6 8. Nxf6+ Qxf6 9. c3 Bxf3 10. Qxf3 Qxf3 11.
gxf3 Bd6 12. Bd2 c5 13. O-O cxd4 14. cxd4 Nb6 15. Be4 O-O-O 16. Rac1+ Kb8 17. Rc2 Rc8 18. h3 Rxc2 19. Bxc2 Rc8 20. Bb3 Nd5 21. Bxd5 exd5 22.
Re1 Kc7 23. Kg2 Kd7 24. Bc3 Rc4 25. Re2 b5 26. a3 f6 27. Re3 Bf4 28. Rd3 h5 29.
Kf1 Rc6 30. Rd1 Re6 31. Ba5 Re8 32. Rd3 Rc8 33. Rb3 a6 34. a4 Rb8 35. axb5 Rxb5 36. Rxb5 axb5 37. Ke2 Ke6 38. Kd3 Kf5 39. Kc3 Bd6 40. Bb4 Bc7 41. Be7 Ba5+ 42. Bb4 Bd8 43. Bd6 Ke6 44. Bb8 Ba5+ 45. Kb3 g5 46. Ba7 Be1 47. Bc5 Kd7 48. Bf8 Bxf2 49. Kb4 Bxd4 50. Kxb5 Bxb2 51. Kc5 Ba3+ 0-1

[Event "Late-Titled-Tuesday-Blitz-February-13-2024"]
[Site "Chess.com"]
[Date "2024.02.13"]
[Round "3"]
[White "IMRosen"]
[Black "Eloist"]
[Result "1-0"]
[WhiteElo "2637"]
[BlackElo "2442"]
[TimeControl "180+1"]
[EndTime "14:28:22 PST"]
[Termination "IMRosen won on time"]

1. d4 e6 2. Bf4 Nf6 3. e3 d5 4. Nf3 c5 5. Nbd2 Nc6 6. c3 Bd6 7. Bg3 O-O 8. Bb5 Be7 9. Bd3 b6 10. Ne5 Nxe5 11. dxe5 Nd7 12. Nf3 a5 13. h4 Ba6 14.
Ng5 Bxd3 15. Qxd3 g6 16. f4 c4 17. Qc2 Nc5 18. O-O-O Bxg5 19. hxg5 Kg7 20. Rh3 Nd3+ 21. Kb1 b5 22. Rdh1 Rh8 23. Be1 b4 24. g4 Rb8 25. Qh2 Kf8 26. Rxh7 Rxh7 27. Qxh7 Nxe1 28. Qh8+ Ke7 29. Qf6+ Kd7 30. Qxf7+ Qe7 31. Qxe7+ Kxe7 32. Rh7+ Kd8 33. Rh8+ Kc7 34. Rxb8 Kxb8 35. f5 exf5 36. gxf5 bxc3 37. fxg6 d4 38. g7 c2+ 39. Kc1 Nd3+ 40.
Kxc2 Nb4+ 41. Kb1 c3 42. g8=Q+ Kb7 43. exd4 c2+ 44. Kc1 1-0

[Event "Late-Titled-Tuesday-Blitz-February-13-2024"]
[Site "Chess.com"]
[Date "2024.02.13"]
[Round "3"]
[White "Felix-Rose"]
[Black "Nf3c5"]
[Result "0-1"]
[WhiteElo "2240"]
[BlackElo "2545"]
[TimeControl "180+1"]
[EndTime "14:28:22 PST"]
[Termination "Nf3c5 won by resignation"]

1. e4 c5 2. Nf3 Nc6 3. d4 cxd4 4. Nxd4 e5 5. Nb5 d6 6. N1c3 a6 7. Na3 Be6 8. Nc4 Rb8 9. a4 Be7 10. Be2 Nf6 11. Bg5 Nd4 12. Bxf6 Bxf6 13. a5 O-O 14.
Nb6 Bg5 15. O-O Kh8 16. Ncd5 f5 17. exf5 Bxf5 18. Bd3 Bh6 19. c3 Ne6 20. Bxf5 Rxf5 21. Qd3 Rf8 22. Rad1 Nc5 23. Qc4 Qe8 24. b4 Ne6 25.
Nc7 Nxc7 26. Qxc7 Rd8 27. Rxd6 Rxd6 28. Qxd6 e4 29. Nd7 Rf7 30. Ne5 Re7 31. Ng4 Bg5 32.
g3 h6 33. h4 Re6 34. Qd4 Bd8 35. Re1 Kg8 36. Qd5 Kh7 37. Qxb7 Bxh4 38. gxh4 Qg6 39. f3 exf3 40. Rxe6 Qxg4+ 41. Kf1 Qg2+ 42. Ke1 f2+ 43. Kd2 Qxb7 0-1

[Event "Late-Titled-Tuesday-Blitz-February-13-2024"]
[Site "Chess.com"]
[Date "2024.02.13"]
[Round "3"]
[White "PepeCuenca"]
[Black "ninguno46"]
[Result "1-0"]
[WhiteElo "2693"]
[BlackElo "2500"]
[TimeControl "180+1"]
[EndTime "14:28:23 PST"]
[Termination "PepeCuenca won by resignation"]

1. Nf3 c5 2. c4 Nf6 3. Nc3 g6 4. e4 d6 5. d4 cxd4 6. Nxd4 Nc6 7. Be2 Nxd4 8. Qxd4 Bg7 9. Be3 O-O 10. Qd3 a5 11.
Bd4 Bd7 12. b3 Bc6 13. O-O e6 14. Rad1 Qe7 15. Rfe1 Rfd8 16. Bf1 Ne8 17. Bxg7 Nxg7 18. f4 e5 19. f5 gxf5 20. exf5 Qg5 21. Ne4 Bxe4 22.
Qxe4 Nxf5 23. Bd3 Ne7 24. Qxh7+ Kf8 25. Rf1 Qg7 26. Qh5 d5 27. cxd5 Rd6 28. Rde1 Ng6 29. Bxg6 Rxg6 30. Rf2 Re8 31. Qf3 Kg8 32. Qc3 e4 33.
Qxg7+ Kxg7 34. Rf4 Rg5 35. Rfxe4 Rxe4 36. Rxe4 Rxd5 37.
Kf2 Rd2+ 38. Re2 Rd5 39. Ke3 Rh5 40. h3 Kf6 41. Kd4 Rh4+ 42. Kc5 a4 43. b4 Rh5+ 44. Kb6 Rh4 45. a3 1-0

[Event "Late-Titled-Tuesday-Blitz-February-13-2024"]
[Site "Chess.com"]
[Date "2024.02.13"]
[Round "3"]
[White "Inepton_Fermion"]
[Black "rcmz"]
[Result "1-0"]
[WhiteElo "2379"]
[BlackElo "2165"]
[TimeControl "180+1"]
[EndTime "14:28:23 PST"]
[Termination "Inepton_Fermion won by checkmate"]

1. Nf3 d6 2. d4 Nd7 3. b3 h6 4. Bb2 e6 5. g3 g5 6. Bg2 Bg7 7. O-O Nf8 8. c4 Ng6 9. Nc3 Nf6 10. e4 Nd7 11. Qe2 e5 12. Nd5 c6 13. Ne3 Qc7 14.
Nf5 Kf8 15. Rad1 c5 16. dxc5 dxc5 17. Rd5 Nb6 18. Rd2 Be6 19. Rfd1 g4 20. Ne1 h5 21.
Rd6 Re8 22. Nc2 Nc8 23. R6d3 Nce7 24. Nce3 Qb8 25. Nxe7 Nxe7 26. Nd5 Nc6 27. f3 Nd4 28. Bxd4 cxd4 29. f4 f6 30. fxe5 fxe5 31. Rf1+ Kg8 32.
Rd2 Bxd5 33. exd5 Qd6 34. Be4 Rf8 35. Rxf8+ Kxf8 36. Qf1+ Ke7 37. Rc2 Rf8 38. Qe2 Qf6 39.
c5 Kd8 40. d6 b6 41. cxb6 axb6 42. Qc4 Qxd6 43. Qc8+ Ke7 44. Rc7+ Kf6 45. Qf5# 1-0

[Event "Late-Titled-Tuesday-Blitz-February-13-2024"]
[Site "Chess.com"]
[Date "2024.02.13"]
[Round "3"]
[White "semchik73"]
[Black "Semetey"]
[Result "0-1"]
[WhiteElo "2425"]
[BlackElo "2618"]
[TimeControl "180+1"]
[EndTime "14:28:24 PST"]
[Termination "Semetey won on time"]

1. Nf3 b6 2. c4 Bb7 3. d4 Nf6 4. g3 g6 5. Bg2 Bg7 6. O-O O-O 7. Nc3 Ne4 8. Qc2 Nxc3 9. bxc3 c5 10. Bf4 d6 11. Rfd1 Nc6 12. e4 Rc8 13. Rab1 Na5 14. Bf1 Ba6 15. dxc5 Rxc5 16. e5 Qa8 17. Bg2 Bb7 18. exd6 e5 19. Be3 Rxc4 20.
d7 Rd8 21. Ne1 Bxg2 22. Nxg2 Qb7 23. Qd3 Rc7 24. Qb5 Rdxd7 25. Rdc1 Qe4 26. Rb4 Nc4 27.
Re1 Qd3 28. Rb3 h6 29. Qa6 Kh7 30. h4 h5 31. Qb5 Rd5 32. Qe8 Rcd7 33. Bg5 Nd2 34.
Bxd2 Qxd2 35. Rf1 Qxa2 36. Rbb1 Qc4 37. Ne3 Qxc3 38. Nxd5 Rxd5 39. Qxf7 Rd3 40. Rbc1 Qd4 41. Rc7 Rxg3+ 0-1

[Event "Late-Titled-Tuesday-Blitz-February-13-2024"]
[Site "Chess.com"]
[Date "2024.02.13"]
[Round "3"]
[White "CRObliterator"]
[Black "laziestwin"]
[Result "1-0"]
[WhiteElo "2391"]
[BlackElo "2558"]
[TimeControl "180+1"]
[EndTime "14:28:26 PST"]
[Termination "CRObliterator won by resignation"]

1. e4 c5 2. c3 g6 3. d4 cxd4 4. Bc4 Nc6 5. Nf3 Bg7 6. cxd4 d6 7. h3 Nf6 8. Nc3 O-O 9. O-O Nxe4 10. Nxe4 d5 11. Bd3 dxe4 12. Bxe4 Nxd4 13. Nxd4 Qxd4 14. Qxd4 Bxd4 15. Bh6 Rd8 16. Rfd1 f5 17. Be3 e5 18. Bf3 Be6 19. Bxb7 Rab8 20. Bf3 Rxb2 21. Rac1 Bxa2 22. Rc7 Rb1 23. Rxb1 Bxb1 24. Bg5 Rd6 25. Be7 Ra6 26.
Bd5+ Kg7 27. Bg5+ Kf8 28. Bh6+ Ke8 29. Bg5 Ba2 30. Bc6+ Kf8 31. Bh6+ Kg8 32. Rg7+ Kf8 33. Rxa7+ Kg8 34. Rxa6 Be6 35. Ra8+ Kf7 36. Be8+ Kf6 37.
Be3 Bxe3 38. fxe3 f4 39. exf4 exf4 40. Kf2 g5 41. Ra6 Ke5 42. Bh5 Bf5 43. Bg4 Be4 44.
Re6+ Kd4 45. Re7 Kd5 46. Bf3 Bxf3 47. Kxf3 Kd4 48. Rxh7 1-0